[Event "Titled Tuesday Blitz June 07 Late 2022"]
[White "Paravyan, David"]
[Black "Urazayev, Arystanbek"]
[WhiteFideId "4194985"]
[BlackFideId "13709810"]
[WhiteElo "2569"]
[BlackElo "2422"]
[Result "1-0"]
[Round "10"]
[TimeControl "180+1"]
[Date "2022.06.07"]
[WhiteClock "0:01:25"]
[BlackClock "0:00:01"]

1. e4 e5 2. Nf3 Nc6 3. Nc3 Nf6 4. d4 exd4 5. Nxd4 Bb4 6. Nxc6 bxc6 7. Bd3 O-O 8. O-O d5 9. exd5 cxd5 10. Bg5 c6 11. Qf3 h6 12. Bxf6 Qxf6 13. Qxf6 gxf6 14. Ne2 Bd6 15. Nd4 Bd7 16. Nf5 Bxf5 17. Bxf5 Be5 18. Rab1 Rab8 19. b3 Bc3 20. Rbd1 Rfe8 21. Rd3 d4 22. Rg3+ Kf8 23. Rh3 Kg7 24. Bd3 Re5 25. g3 Rbe8 26. Kg2 Re1 27. Rxe1 Rxe1 28. f4 Bd2 29. Rh5 Bb4 30. Kf3 Re3+ 31. Kg4 Re1 32. a3 Bxa3 33. Ra5 Bb4 34. Rxa7 Re7 35. Ra6 Rc7 36. Kf5 Be7 37. Ke4 c5 38. Kd5 Rd7+ 39. Kc4 Bf8 40. Ra8 Rc7 41. Kb5 Re7 42. Kc6 Re1 43. Ra7 Re7 44. Ra5 Re1 45. Kd5 Rh1 46. Ra7 Re1 47. Bc4 Re7 48. Ra8 Re1 49. Rc8 Re3 50. Bd3 Re1 51. Rc7 Re7 52. Rxc5 Re1 53. Rc7 Rh1 54. Kxd4 Rxh2 55. Ke4 h5 56. Kf3 Ba3 57. Bf1 1-0


[Site "https://www.chess.com"]

[Event "Titled Tuesday Blitz June 07 Late 2022"]
[White "Pesotskiy, Mikhail"]
[Black "Tanenbaum, Zachary"]
[WhiteFideId "34164453"]
[BlackFideId "2060850"]
[WhiteElo "2010"]
[BlackElo "2175"]
[Result "1-0"]
[Round "10"]
[TimeControl "180+1"]
[Date "2022.06.07"]
[WhiteClock "0:00:14"]
[BlackClock "0:00:05"]

1. d4 d5 2. c4 dxc4 3. e3 e5 4. Bxc4 exd4 5. exd4 Bd6 6. Nf3 Nf6 7. O-O O-O 8. Bg5 Nc6 9. Nc3 h6 10. Bh4 Bg4 11. h3 Bh5 12. Qd3 Na5 13. Nd5 g5 14. Nxg5 hxg5 15. Bxg5 Be7 16. Nxe7+ Qxe7 17. Qf5 Nxc4 18. Bxf6 Bg6 19. Qg5 Qe6 20. Qh4 Bh5 21. d5 Qf5 22. g4 Nd2 23. gxf5 Nf3+ 24. Kg2 Nxh4+ 25. Bxh4 f6 26. Rfe1 Kf7 27. Re6 Kg7 28. Kh2 Bf7 29. Rg1+ Kh7 30. Rxf6 Bxd5 31. Rgg6 Rxf6 32. Bxf6 Re8 33. Rg7+ Kh6 34. Rxc7 Rg8 35. f3 Bxf3 36. Rc2 Be4 37. Rf2 Rf8 38. Bd4 Rxf5 39. Rxf5 Bxf5 40. Bxa7 Be6 41. a3 Bb3 42. Kg3 Be6 43. h4 Kh5 44. Bf2 Bd5 45. Kf4 Kg6 46. Ke5 Bf3 47. Kd6 Kf5 48. b4 Ke4 49. a4 Kd3 50. a5 Kc4 51. Bc5 Kb5 52. Ke5 Bd1 53. Kf5 Kc6 54. Kg6 Kd5 55. h5 Ke6 56. h6 Bc2+ 57. Kg7 Kd5 58. h7 Bxh7 59. Kxh7 Kc6 60. Kg6 Kc7 61. Kf6 Kc6 62. Ke5 Kc7 63. Kd5 Kb8 64. Bb6 Ka8 65. Kc5 Kb8 66. Kd6 Ka8 67. Kd7 Kb8 68. Bc5 Ka8 69. Kc8 b6 70. a6 b5 71. Kd8 Kb8 72. Kd7 Ka8 73. Kc6 Kb8 74. Kxb5 Ka8 75. Ka5 Kb8 76. b5 Ka8 77. b6 Kb8 78. Kb5 Kc8 79. b7+ Kc7 80. Ba7 Kd7 81. b8=Q 1-0


[Site "https://www.chess.com"]

[Event "Titled Tuesday Blitz June 07 Late 2022"]
[White "Remolar Gallen, Jose"]
[Black "Golubovskis, Maksims"]
[WhiteFideId "2215187"]
[BlackFideId "11608528"]
[WhiteElo "2205"]
[BlackElo "2102"]
[Result "0-1"]
[Round "10"]
[TimeControl "180+1"]
[Date "2022.06.07"]
[WhiteClock "0:00:02"]
[BlackClock "0:00:46"]

1. d4 Nf6 2. c4 e6 3. Nf3 d5 4. Nc3 Bb4 5. cxd5 exd5 6. Bg5 h6 7. Bh4 O-O 8. e3 c6 9. Be2 g5 10. Bg3 Ne4 11. Rc1 Qa5 12. Qb3 Bf5 13. O-O Nxg3 14. hxg3 Nd7 15. a3 Bxc3 16. Rxc3 Rab8 17. Ne1 Nf6 18. Rc5 Qc7 19. Bd3 Be6 20. Qa4 Nd7 21. Rc2 f5 22. Nf3 a6 23. Rfc1 g4 24. Nd2 Nf6 25. Nb3 h5 26. Nc5 Qd6 27. b4 h4 28. gxh4 g3 29. f3 Rf7 30. Rc3 Rh7 31. Qc2 Rh5 32. Rd1 Kg7 33. Qe2 Rxh4 34. f4 Rbh8 0-1


[Site "https://www.chess.com"]

[Event "Titled Tuesday Blitz June 07 Late 2022"]
[White "Rosen, Eric"]
[Black "Adla, Diego"]
[WhiteFideId "2032562"]
[BlackFideId "100072"]
[WhiteElo "2362"]
[BlackElo "2377"]
[Result "1-0"]
[Round "10"]
[TimeControl "180+1"]
[Date "2022.06.07"]
[WhiteClock "0:00:05"]
[BlackClock "0:00:34"]

1. d4 Nf6 2. Bf4 d5 3. e3 c5 4. Nf3 Nc6 5. Nbd2 Nh5 6. dxc5 Nxf4 7. exf4 g6 8. c3 Bh6 9. g3 O-O 10. Bd3 Bg7 11. O-O d4 12. c4 a5 13. Re1 a4 14. Ne5 Nb4 15. Bf1 Qa5 16. a3 Na6 17. Ne4 Nxc5 18. Nxc5 Qxc5 19. Bg2 Ra6 20. Rc1 Rd8 21. Nd3 Qa5 22. Rxe7 Rb6 23. Qe2 Re6 24. Rxe6 Bxe6 25. Bxb7 Bf5 26. Bd5 Qc7 27. Re1 Bxd3 28. Qxd3 Rb8 29. Re2 Bf6 30. Kg2 Kg7 31. Qe4 Rb3 32. g4 d3 33. Rd2 Bxb2 34. Rxb2 Rxb2 35. Qd4+ f6 36. Qxb2 Qxf4 37. Bf3 Qxc4 38. Qb7+ Kh6 39. Qe7 Qd4 40. Qf8+ Kg5 41. h4+ Kf4 42. Qb8+ Qe5 43. Qb4+ 1-0


[Site "https://www.chess.com"]

[Event "Titled Tuesday Blitz June 07 Late 2022"]
[White "Rychagov, Andrey"]
[Black "Zhigalko, Sergei"]
[WhiteFideId "4119932"]
[BlackFideId "13502956"]
[WhiteElo "2460"]
[BlackElo "2662"]
[Result "0-1"]
[Round "10"]
[TimeControl "180+1"]
[Date "2022.06.07"]
[WhiteClock "0:00:43"]
[BlackClock "0:00:40"]

1. d4 Nf6 2. c4 e6 3. Nf3 b6 4. a3 Ba6 5. Qb3 Be7 6. Nc3 d5 7. cxd5 Nxd5 8. e4 Bxf1 9. Kxf1 Nxc3 10. bxc3 O-O 11. g3 Qc8 12. Kg2 Qb7 13. Re1 Nd7 14. a4 a5 15. Bf4 Rfe8 16. h4 Rad8 17. Re2 h6 18. Rae1 Bd6 19. e5 Bf8 20. Re3 c5 21. h5 cxd4 22. cxd4 Bb4 23. Rd1 Nb8 24. Red3 Rd5 25. g4 Nc6 26. Kh2 Be7 27. Rc1 Rd7 28. Rg1 Nb4 29. g5 Qe4 0-1


[Site "https://www.chess.com"]

[Event "Titled Tuesday Blitz June 07 Late 2022"]
[White "Sarana, Alexey"]
[Black "Cruz Mendez, Jean Marco"]
[WhiteFideId "24133795"]
[BlackFideId "3526402"]
[WhiteElo "2666"]
[BlackElo "2064"]
[Result "1-0"]
[Round "10"]
[TimeControl "180+1"]
[Date "2022.06.07"]
[WhiteClock "0:02:06"]
[BlackClock "0:00:16"]

1. d4 Nf6 2. c4 g6 3. Nc3 Bg7 4. e4 d6 5. g3 O-O 6. Bg2 e5 7. Nf3 Nbd7 8. O-O exd4 9. Nxd4 Nc5 10. Be3 c6 11. h3 Re8 12. Qc2 Qc7 13. Rad1 Ne6 14. Nde2 b6 15. Kh2 Bb7 16. Rfe1 Rad8 17. Rd2 a6 18. a4 c5 19. Red1 Qb8 20. f4 h5 21. Bf3 h4 22. g4 Qc7 23. Kg2 Qb8 24. Bf2 g5 25. f5 Nd4 26. Rxd4 cxd4 27. Bxd4 Qa8 28. Nd5 Nxd5 29. cxd5 Rc8 30. Qd2 Be5 31. Qxg5+ Kf8 32. f6 Red8 33. Bxe5 Ke8 34. Qg8+ 1-0


[Site "https://www.chess.com"]

[Event "Titled Tuesday Blitz June 07 Late 2022"]
[White "Silva, Miguel Antonio Neto"]
[Black "Rustemov, Alexander"]
[WhiteFideId "1911929"]
[BlackFideId "4119002"]
[WhiteElo "2204"]
[BlackElo "2770"]
[Result "1-0"]
[Round "10"]
[TimeControl "180+1"]
[Date "2022.06.07"]
[WhiteClock "0:00:25"]
[BlackClock "0:00:09"]

1. Nf3 d5 2. c4 d4 3. e3 c5 4. b4 dxe3 5. fxe3 cxb4 6. d4 Nf6 7. Bd3 e6 8. O-O Be7 9. a3 Nc6 10. Nbd2 O-O 11. axb4 Nxb4 12. Bb1 b6 13. Bb2 a5 14. Ne5 Ba6 15. Qf3 Rc8 16. Qh3 g6 17. Qh6 Nc6 18. Nxg6 fxg6 19. Bxg6 Qd7 20. d5 Bc5 21. Rxf6 Rxf6 22. Bxf6 Rf8 23. dxc6 Qc7 24. Ne4 Bxc4 25. Nxc5 Rxf6 26. Bxh7+ Qxh7 27. Qxf6 bxc5 28. Qd8+ Kg7 29. Qd7+ Kg6 30. Qxh7+ Kxh7 31. c7 Ba6 32. Rxa5 Bc8 33. Ra8 Bb7 34. c8=Q Bxc8 35. Rxc8 Kg6 36. Rxc5 Kf6 37. Kf2 Ke7 38. Kf3 Kd6 39. Ra5 Kc6 40. Ke4 Kd6 41. Re5 Ke7 42. g4 Kf6 43. h4 Kf7 44. h5 Kf6 45. Kf4 Kf7 46. e4 Kf6 47. g5+ Kf7 48. h6 Ke7 49. g6 Kf6 50. g7 Kf7 51. Rxe6 Kxe6 52. g8=Q+ Kd6 53. Qd5+ Kc7 54. Qe6 Kb7 55. Qd6 Ka7 56. Qb4 Ka6 57. Ke5 Ka7 58. Qb5 Ka8 59. Kd6 Ka7 60. Kc7 Ka8 61. Qa5# 1-0


[Site "https://www.chess.com"]

[Event "Titled Tuesday Blitz June 07 Late 2022"]
[White "Slugin, Sergey"]
[Black "Yuan, Qingyu"]
[WhiteFideId "4122569"]
[BlackFideId "8609772"]
[WhiteElo "2358"]
[BlackElo "2359"]
[Result "1/2-1/2"]
[Round "10"]
[TimeControl "180+1"]
[Date "2022.06.07"]
[WhiteClock "0:00:05"]
[BlackClock "0:00:09"]

1. c4 e6 2. Nf3 d5 3. d4 Nf6 4. g3 dxc4 5. Bg2 c5 6. O-O Nc6 7. dxc5 Qxd1 8. Rxd1 Bxc5 9. Nbd2 c3 10. bxc3 O-O 11. Nb3 Be7 12. c4 Bd7 13. Bb2 Rfc8 14. c5 Be8 15. Nfd2 b6 16. cxb6 axb6 17. Nc4 Rab8 18. Nd6 Rc7 19. Rac1 Rd8 20. Bxf6 Rxd6 21. Bxc6 Rxd1+ 22. Rxd1 Bxc6 23. Bxe7 Rxe7 24. Rd6 Be8 25. Rxb6 g6 26. f3 Ra7 27. Nc1 Kf8 28. Kf2 h5 29. h4 Ke7 30. Rb2 Bc6 31. Nd3 Bd5 32. Nb4 Bb7 33. Rc2 Kd6 34. Rd2+ Ke7 35. Rd4 Ra5 36. a4 Ke8 37. Na2 Bc6 38. Nc3 Rc5 39. Rd3 Rc4 40. a5 Rc5 41. a6 Ra5 42. Rd6 Rxa6 43. Rd2 Ke7 44. Nd1 Ra3 45. Nb2 Rb3 46. Nc4 Bd5 47. Ne3 Bc6 48. Nc4 Rb4 49. Ne5 Be8 50. Ra2 Rb7 51. Nd3 f6 52. Rb2 Rc7 53. Rb6 Bd7 54. Nb4 Rc4 55. Rb7 Kd6 56. Nd3 Rc8 57. Rb6+ Ke7 58. Rb4 e5 59. Rb6 Rc6 60. Rxc6 Bxc6 61. e4 Ke6 62. Ke3 Kd6 63. Nf2 Ke6 64. g4 Be8 65. gxh5 gxh5 1/2-1/2


[Site "https://www.chess.com"]

[Event "Titled Tuesday Blitz June 07 Late 2022"]
[White "Souleidis, Georgios"]
[Black "Badelka, Olga"]
[WhiteFideId "4206827"]
[BlackFideId "13509926"]
[WhiteElo "2401"]
[BlackElo "2165"]
[Result "1-0"]
[Round "10"]
[TimeControl "180+1"]
[Date "2022.06.07"]
[WhiteClock "0:00:32"]
[BlackClock "0:00:04"]

1. e4 c5 2. Be2 Nc6 3. d3 g6 4. f4 Bg7 5. Nf3 d6 6. O-O e6 7. c3 Nge7 8. Be3 e5 9. fxe5 Nxe5 10. Nxe5 Bxe5 11. d4 cxd4 12. cxd4 Bg7 13. Nc3 O-O 14. Qd2 Be6 15. d5 Bd7 16. Kh1 Rc8 17. Bg5 f6 18. Bf4 Qb6 19. a4 a5 20. Bb5 Rfd8 21. Bxd7 Rxd7 22. Nb5 f5 23. exf5 Nxf5 24. Rac1 Re8 25. Rfe1 Rde7 26. Rxe7 Rxe7 27. g4 Nd4 28. Rc8+ Bf8 29. Qxd4 Re1+ 30. Kg2 Re2+ 31. Kf3 1-0


[Site "https://www.chess.com"]

[Event "Titled Tuesday Blitz June 07 Late 2022"]
[White "Svane, Rasmus"]
[Black "Daggupati, Balaji"]
[WhiteFideId "4657101"]
[BlackFideId "2090759"]
[WhiteElo "2674"]
[BlackElo "2721"]
[Result "1-0"]
[Round "10"]
[TimeControl "180+1"]
[Date "2022.06.07"]
[WhiteClock "0:01:06"]
[BlackClock "0:00:38"]

1. Nf3 d5 2. g3 Bg4 3. Bg2 Nd7 4. h3 Bh5 5. O-O c6 6. d4 Ngf6 7. c4 e6 8. cxd5 exd5 9. Ne5 Nxe5 10. dxe5 Nd7 11. Nc3 Bc5 12. Na4 Be7 13. f4 h6 14. Be3 Bg6 15. Qb3 b5 16. Nc3 O-O 17. Rac1 Nxe5 18. fxe5 d4 19. Rfd1 c5 20. Bf4 Rb8 21. Nd5 c4 22. Qf3 Bc5 23. b4 Bb6 24. Qf2 d3 25. Nxb6 Rxb6 26. exd3 cxd3 27. Rc3 Qe7 28. a3 a5 29. Qxb6 axb4 30. axb4 Qxb4 31. Qc5 Qb2 32. Rd2 Qb1+ 33. Rc1 Qb3 34. Qc3 Qa4 35. Ra1 1-0


[Site "https://www.chess.com"]

[Event "Titled Tuesday Blitz June 07 Late 2022"]
[White "Tahbaz, Arash"]
[Black "Grigoriants, Sergey"]
[WhiteFideId "12528846"]
[BlackFideId "4130804"]
[WhiteElo "2389"]
[BlackElo "2502"]
[Result "1-0"]
[Round "10"]
[TimeControl "180+1"]
[Date "2022.06.07"]
[WhiteClock "0:00:16"]
[BlackClock "0:00:01"]

1. Nf3 d5 2. g3 c6 3. Bg2 Bg4 4. O-O e6 5. d3 Bd6 6. Nbd2 Ne7 7. b3 O-O 8. Bb2 Nd7 9. e4 Bh5 10. Qe2 c5 11. h3 Nc6 12. Rfe1 h6 13. Qe3 a5 14. a4 Nb4 15. Rec1 Re8 16. d4 Rc8 17. c4 cxd4 18. Nxd4 e5 19. Nb5 Bc5 20. Qe1 Nd3 21. Qf1 Bxf2+ 22. Kh2 Nxc1 23. Bxc1 Be3 24. exd5 Nc5 25. Ne4 Bxc1 26. Nxc5 Rxc5 27. Rxc1 Bg6 28. Qf2 b6 29. h4 h5 30. Bh3 e4 31. Qe3 Qf6 32. Rf1 Qe5 33. Nd4 Rf8 34. Bf5 Qd6 35. Bxg6 Qxg6 36. Rf5 Re8 37. Rg5 Qf6 38. Rxh5 g6 39. Rg5 Rc7 40. Kg2 Re5 41. Rg4 Rce7 42. Rf4 Qd6 43. Nc6 Re8 44. Nxe5 Qxe5 45. Rf2 Qd6 46. h5 gxh5 47. Rf5 f6 48. Qh6 Qf8 49. Qg6+ Qg7 50. Qxe8+ 1-0


[Site "https://www.chess.com"]

[Event "Titled Tuesday Blitz June 07 Late 2022"]
[White "Vajda, Levente"]
[Black "Adewumi, Tanitoluwa"]
[WhiteFideId "1203975"]
[BlackFideId "30966396"]
[WhiteElo "2573"]
[BlackElo "2558"]
[Result "1-0"]
[Round "10"]
[TimeControl "180+1"]
[Date "2022.06.07"]
[WhiteClock "0:00:08"]
[BlackClock "0:00:02"]

1. e4 c5 2. c3 Nf6 3. e5 Nd5 4. d4 cxd4 5. Nf3 Nc6 6. cxd4 e6 7. Bc4 d6 8. O-O Nb6 9. Bb5 dxe5 10. Nxe5 Bd7 11. Nxd7 Qxd7 12. Nc3 a6 13. Bxc6 Qxc6 14. Qg4 Nd5 15. Be3 Nf6 16. Qg3 Bd6 17. Qh3 O-O 18. Rac1 Rac8 19. g4 Nd5 20. Ne4 Qd7 21. b3 Bf4 22. Qf3 Bb8 23. h4 Rxc1 24. Rxc1 Rc8 25. Rxc8+ Qxc8 26. g5 Qc7 27. h5 Qh2+ 28. Kf1 Bf4 29. g6 hxg6 30. hxg6 f5 31. Nc5 Bxe3 32. fxe3 Qxa2 33. Nxe6 Qxb3 34. Kf2 Qc2+ 35. Kg3 Qb3 36. Nf4 Nxe3 37. Kh4 Qa3 38. Nd5 f4 39. Qe4 1-0


[Site "https://www.chess.com"]

[Event "Titled Tuesday Blitz June 07 Late 2022"]
[White "Vasquez Schroeder, Rodrigo"]
[Black "Romanchuk, Viktor"]
[WhiteFideId "3400042"]
[BlackFideId "14109271"]
[WhiteElo "2567"]
[BlackElo "2242"]
[Result "1-0"]
[Round "10"]
[TimeControl "180+1"]
[Date "2022.06.07"]
[WhiteClock "0:01:58"]
[BlackClock "0:01:16"]

1. e4 e6 2. d4 d5 3. Nc3 dxe4 4. Nxe4 Nd7 5. Nf3 Ngf6 6. Bg5 h6 7. Nxf6+ Nxf6 8. Bh4 c5 9. Bb5+ Bd7 10. Bxd7+ Qxd7 11. Qe2 cxd4 12. O-O-O Be7 13. Rxd4 Qc6 14. Rhd1 O-O 15. Kb1 Rad8 16. c4 Rxd4 17. Rxd4 Rd8 18. Rxd8+ Bxd8 19. Qd3 Be7 20. b3 Kf8 21. Kc2 Qe4 22. Bxf6 Qxd3+ 23. Kxd3 Bxf6 24. c5 Ke7 25. Kc4 a6 26. b4 Kd7 27. a4 g6 28. Nd2 Be5 29. h3 Bf4 30. Nf3 Bb8 31. Nd4 e5 32. Nb3 Bc7 33. Kd5 f6 34. Nd2 Ke7 35. Nc4 Bb8 1-0


[Site "https://www.chess.com"]

[Event "Titled Tuesday Blitz June 07 Late 2022"]
[White "Vivas Zamora, Fabian Ernesto"]
[Black "Hjartarson, Johann"]
[WhiteFideId "3902480"]
[BlackFideId "2300044"]
[WhiteElo "2014"]
[BlackElo "2458"]
[Result "0-1"]
[Round "10"]
[TimeControl "180+1"]
[Date "2022.06.07"]
[WhiteClock "0:00:01"]
[BlackClock "0:00:36"]

1. c4 g6 2. d4 Bg7 3. Nc3 d6 4. Nf3 Nf6 5. g3 O-O 6. Bg2 Nbd7 7. O-O e5 8. e4 exd4 9. Nxd4 Re8 10. h3 a6 11. b3 Rb8 12. Bb2 Nc5 13. Qc2 Bd7 14. Rad1 Qc8 15. Kh2 b5 16. cxb5 axb5 17. b4 Ne6 18. Nd5 Nxd4 19. Bxd4 Nxd5 20. exd5 Bxd4 21. Rxd4 Ra8 22. Rc1 Ra7 23. Rd3 Bf5 24. Bf1 Bxd3 25. Bxd3 Qa8 26. Bxb5 Rxa2 27. Qc6 Qxc6 28. Rxc6 Rxf2+ 29. Kg1 Rb2 30. Rc1 Re3 31. Bd7 Rxg3+ 32. Kf1 Rxb4 33. Rxc7 Rd4 34. Be8 Rf3+ 35. Ke2 Rf5 36. Bc6 Re5+ 37. Kf3 Rd3+ 38. Kf4 h5 39. h4 Rd4+ 40. Kf3 Rxh4 41. Rd7 Rd4 42. Rxd6 h4 43. Rd8+ Kg7 44. d6 Re6 45. Ba4 0-1


[Site "https://www.chess.com"]

[Event "Titled Tuesday Blitz June 07 Late 2022"]
[White "Xiong, Jeffery"]
[Black "Martinez Alcantara, Jose Eduardo"]
[WhiteFideId "2047640"]
[BlackFideId "3805662"]
[WhiteElo "2714"]
[BlackElo "2703"]
[Result "0-1"]
[Round "10"]
[TimeControl "180+1"]
[Date "2022.06.07"]
[WhiteClock "0:00:02"]
[BlackClock "0:00:08"]

1. d4 Nf6 2. c4 e6 3. Nf3 Bb4+ 4. Bd2 Qe7 5. g3 Bxd2+ 6. Qxd2 Nc6 7. a3 d5 8. Qc2 O-O 9. Bg2 e5 10. dxe5 Nxe5 11. Nxe5 Qxe5 12. cxd5 Nxd5 13. O-O c6 14. e4 Nb6 15. f4 Qd4+ 16. Qf2 Qxf2+ 17. Rxf2 Be6 18. Nc3 f6 19. Bf1 Rfd8 20. Rc1 Rd7 21. b4 Rad8 22. Rfc2 Nc4 23. Bxc4 Bxc4 24. Kf2 h5 25. a4 Rd4 26. a5 Kf7 27. Rb2 Rd2+ 28. Rxd2 Rxd2+ 29. Ke3 Rd3+ 30. Kf2 Rd2+ 31. Ke3 Rxh2 32. Na4 Bb5 33. Nc5 Rg2 34. Kf3 Rb2 35. Nxb7 Ke7 36. Nc5 Rxb4 37. Rd1 Rc4 38. Nb7 Rc2 39. Ke3 Re2+ 40. Kf3 Rb2 41. Ke3 Ba4 42. Rd4 Rxb7 43. Rxa4 Rb3+ 44. Kf2 c5 0-1


[Site "https://www.chess.com"]

[Event "Titled Tuesday Blitz June 07 Late 2022"]
[White "Yurasova, Daria"]
[Black "Uskov, Artem"]
[WhiteFideId "34146919"]
[BlackFideId "34254854"]
[WhiteElo "2021"]
[BlackElo "2335"]
[Result "1/2-1/2"]
[Round "10"]
[TimeControl "180+1"]
[Date "2022.06.07"]
[WhiteClock "0:00:08"]
[BlackClock "0:00:10"]

1. e4 Nf6 2. e5 Nd5 3. d4 d6 4. Bc4 Nb6 5. Bb3 dxe5 6. Qh5 e6 7. dxe5 a5 8. a4 Nc6 9. Nf3 Nd4 10. Nxd4 Qxd4 11. O-O g6 12. Qe2 Bg7 13. Re1 O-O 14. Nc3 Bd7 15. Bg5 h6 16. Rad1 Qxe5 17. Qxe5 Bxe5 18. Rxe5 hxg5 19. Rxg5 Bc6 20. Rg3 Rad8 21. Rgd3 Rxd3 22. Rxd3 Nd7 23. Nb5 Nc5 24. Rc3 Ne4 25. Rd3 Bxb5 26. axb5 Nc5 27. Rd1 Kg7 28. Bc4 Kf6 29. f3 Ke7 30. Kf2 b6 31. c3 Na4 32. Rd2 Rd8 33. Re2 Kf6 34. Bb3 Nc5 35. Bc2 a4 36. g4 Ra8 37. h4 a3 38. bxa3 Rxa3 39. c4 Rc3 40. g5+ Ke7 41. Be4 Rxc4 42. Bc6 Rxh4 43. Ra2 Ra4 44. Rd2 Ra3 45. Kg3 f6 46. gxf6+ Kxf6 47. Rd8 Nd3 48. Rd7 Ra7 49. Rxd3 g5 50. Rd8 Ra1 51. Rf8+ Ke5 52. Rf7 Kd6 53. Rd7+ Ke5 54. Rxc7 Rg1+ 55. Kf2 Rb1 56. Rb7 Kf4 57. Rf7+ Ke5 58. Kg3 Rg1+ 59. Kh2 Rb1 60. Rb7 Kf4 61. Rxb6 g4 62. fxg4 Kxg4 63. Rb8 Rb2+ 64. Kg1 e5 65. Rg8+ Kf4 66. Rf8+ Ke3 67. Re8 Kd4 68. Rd8+ Ke3 69. Re8 Kd4 70. Kf1 Rb1+ 71. Ke2 Rb2+ 72. Kd1 Kd3 73. Kc1 Rc2+ 74. Kb1 Rc5 75. Bd7 Rd5 76. Bc6 Rc5 77. Ka2 Kc3 78. Kb1 Kd4 79. Rd8+ Kc4 80. Be8 e4 81. Rd6 Re5 82. Bf7+ Kxb5 83. Rd5+ Rxd5 84. Bxd5 e3 85. Bf3 Kc5 86. Kc1 Kd4 87. Kd1 Ke5 88. Ke1 Kf4 89. Ke2 Kg3 90. Kxe3 1/2-1/2


[Site "https://www.chess.com"]

[Event "Titled Tuesday Blitz June 07 Late 2022"]
[White "Abarca Gonzalez, Nicolas"]
[Black "Paravyan, David"]
[WhiteFideId "3409422"]
[BlackFideId "4194985"]
[WhiteElo "2504"]
[BlackElo "2569"]
[Result "1-0"]
[Round "11"]
[TimeControl "180+1"]
[Date "2022.06.07"]
[WhiteClock "0:00:10"]
[BlackClock "0:00:02"]

1. e4 e5 2. Nf3 Nf6 3. Nxe5 d6 4. Nf3 Nxe4 5. d3 Nf6 6. d4 g6 7. Bg5 Bg7 8. Nc3 O-O 9. Qd2 Re8+ 10. Be2 c6 11. O-O-O b5 12. Bd3 b4 13. Na4 Qa5 14. b3 Nd5 15. Rde1 Be6 16. h4 Nc3 17. h5 Nxa4 18. bxa4 Qxa4 19. hxg6 hxg6 20. Bc4 Qa3+ 21. Kb1 Nd7 22. Bxe6 fxe6 23. Re3 Qa5 24. Bh6 Bf6 25. Qd3 Qf5 26. Qe2 Nb6 27. g4 Qb5 28. Qe1 Nc4 29. Rxe6 Kf7 30. Bg5 Na3+ 31. Kb2 Rxe6 32. Rh7+ Bg7 33. Rxg7+ Kxg7 34. Qxe6 Rf8 35. Qe7+ Rf7 36. Bf6+ Kh6 37. Qxf7 Nc4+ 38. Kc1 Qd5 39. Qg7# 1-0


[Site "https://www.chess.com"]

[Event "Titled Tuesday Blitz June 07 Late 2022"]
[White "Adewumi, Tanitoluwa"]
[Black "Leiva, Gianmarco"]
[WhiteFideId "30966396"]
[BlackFideId "3804399"]
[WhiteElo "2553"]
[BlackElo "2323"]
[Result "1-0"]
[Round "11"]
[TimeControl "180+1"]
[Date "2022.06.07"]
[WhiteClock "0:00:13"]
[BlackClock "0:00:05"]

1. e4 c5 2. Nf3 d6 3. Bb5+ Nd7 4. c3 Nf6 5. Bd3 a6 6. Bc2 b5 7. d4 Bb7 8. Nbd2 Qc7 9. O-O Rc8 10. Bd3 e5 11. Re1 g6 12. d5 Bg7 13. Nf1 c4 14. Bc2 O-O 15. h4 a5 16. Ng3 b4 17. h5 Nc5 18. h6 Bh8 19. Bd2 Nd3 20. Bxd3 cxd3 21. Rc1 Qb6 22. c4 Ng4 23. Be3 Nxe3 24. Rxe3 f5 25. exf5 gxf5 26. Ng5 f4 27. Qg4 Rf6 28. Rf3 Rg6 29. Nf5 Qd8 30. c5 Rxg5 31. Qh3 Qd7 32. Nxd6 Qxh3 33. Rxh3 d2 34. Rf1 Rxc5 35. Nxb7 Rc1 36. Rd3 Rxf1+ 37. Kxf1 e4 38. Rxd2 e3 39. fxe3 fxe3 40. Rd3 Kf7 41. d6 Bxb2 42. d7 Bf6 43. d8=Q Bxd8 44. Nxd8+ Kg6 45. Rxe3 Kxh6 46. Nf7+ Kh5 47. Nxg5 Kxg5 48. Re5+ Kf4 49. Rxa5 b3 50. axb3 Ke3 51. b4 Kd3 52. Rc5 Kd4 53. Rc8 1-0


[Site "https://www.chess.com"]

[Event "Titled Tuesday Blitz June 07 Late 2022"]
[White "Andreikin, Dmitry"]
[Black "Moussard, Jules"]
[WhiteFideId "4158814"]
[BlackFideId "642908"]
[WhiteElo "2736"]
[BlackElo "2589"]
[Result "1-0"]
[Round "11"]
[TimeControl "180+1"]
[Date "2022.06.07"]
[WhiteClock "0:00:56"]
[BlackClock "0:00:41"]

1. e4 e5 2. Nf3 d6 3. Bc4 Bg4 4. Nc3 Nf6 5. h3 Bh5 6. g4 Bg6 7. d3 c6 8. h4 h5 9. g5 Nfd7 10. Be3 Be7 11. Bb3 Na6 12. d4 exd4 13. Qxd4 O-O 14. O-O-O Qc7 15. Bf4 Ndc5 16. Bxd6 Bxd6 17. Qxd6 Qxd6 18. Rxd6 Nxe4 19. Rxg6 Nac5 20. Nxe4 Nxb3+ 21. axb3 fxg6 22. Nfd2 Rf4 23. f3 Rd8 24. Rh3 b5 25. Kd1 a5 26. Ke2 a4 27. Rh1 axb3 28. Nxb3 Ra8 29. Nbc5 Ra2 30. Nd3 Rf5 31. Ke3 Ra4 32. f4 Kh7 33. Rd1 Ra7 34. Ne5 Ra2 35. Rd7 Kg8 36. Nxg6 Kh7 37. Ne7 Rf8 38. g6+ Kh6 39. Ng5 1-0


[Site "https://www.chess.com"]

[Event "Titled Tuesday Blitz June 07 Late 2022"]
[White "Arias Gaviria, Mario Alexis"]
[Black "Ferreira, Vitor Hugo Vieira"]
[WhiteFideId "3800660"]
[BlackFideId "2119765"]
[WhiteElo "2174"]
[BlackElo "2165"]
[Result "0-1"]
[Round "11"]
[TimeControl "180+1"]
[Date "2022.06.07"]
[WhiteClock "0:00:10"]
[BlackClock "0:00:08"]

1. b4 e5 2. Bb2 Bxb4 3. Bxe5 Nf6 4. Nf3 O-O 5. e3 Re8 6. Bc3 Bf8 7. Bd3 d5 8. O-O Ne4 9. Bb2 Bg4 10. Be2 c5 11. d3 Nf6 12. Nbd2 Nc6 13. h3 Bh5 14. Rb1 b6 15. Re1 Bg6 16. Nf1 Rc8 17. Ng3 c4 18. Nh4 cxd3 19. cxd3 d4 20. Nxg6 hxg6 21. e4 Bb4 22. Rf1 g5 23. Nf5 g6 24. Nh6+ Kg7 25. Ng4 Nxg4 26. Bxg4 Rc7 27. Qa4 a5 28. a3 Bc5 29. Bc1 Ne5 30. Be2 f5 31. exf5 gxf5 32. f4 Ng6 33. Bh5 gxf4 34. Bxf4 Rce7 35. Qc6 Re6 36. Qf3 Rh8 37. g4 Nh4 38. Qg3 Ng6 39. gxf5 Rxh5 40. fxe6 Qh8 41. Kh2 Rf5 42. Rg1 Qh5 43. Rbf1 Qe2+ 44. Rf2 Qxe6 45. h4 Rxf4 46. Rxf4 Bd6 47. h5 Bxf4 48. Qxf4 Qe2+ 49. Kg3 Nxf4 50. Kxf4+ Kf6 51. Rg6+ Kf7 52. Rxb6 Qxh5 53. Rb7+ Ke6 54. Rb6+ Kd7 55. Ra6 Qb5 56. Ra8 Qxd3 57. Ke5 Qe3+ 58. Kd5 Qf3+ 59. Kxd4 Qxa8 60. Kc5 Qb7 61. Kc4 a4 62. Kc5 Qb3 63. Kd4 Qxa3 64. Kc4 Qb3+ 65. Kc5 Qb7 66. Kd4 a3 67. Kc3 a2 68. Kc4 a1=Q 69. Kc5 Qc6+ 70. Kb4 Qaa4# 0-1


[Site "https://www.chess.com"]

[Event "Titled Tuesday Blitz June 07 Late 2022"]
[White "Badelka, Olga"]
[Black "Domingo Nunez, Ruben"]
[WhiteFideId "13509926"]
[BlackFideId "22245570"]
[WhiteElo "2165"]
[BlackElo "2376"]
[Result "0-1"]
[Round "11"]
[TimeControl "180+1"]
[Date "2022.06.07"]
[WhiteClock "0:00:01"]
[BlackClock "0:00:03"]

1. c4 g6 2. Nc3 Bg7 3. g3 Nf6 4. Bg2 O-O 5. d4 d6 6. Nf3 Nbd7 7. O-O c5 8. d5 Rb8 9. e4 a6 10. a4 Ne8 11. Re1 Nc7 12. a5 b5 13. axb6 Nxb6 14. Qd3 e5 15. dxe6 Bxe6 16. b3 Nd7 17. Rb1 Bg4 18. Bf4 Bxf3 19. Qxf3 Ne5 20. Qe3 Ne6 21. Nd5 Nd4 22. Rec1 Ng4 23. Qd3 Ne5 24. Qe3 Re8 25. h3 h6 26. Kh1 Kh7 27. b4 g5 28. Bxe5 Rxe5 29. f4 Re8 30. e5 dxe5 31. fxg5 Qxg5 32. bxc5 Rxb1 33. Rxb1 Qg6 34. Rf1 Nf5 35. Qa3 Nxg3+ 36. Kh2 Nxf1+ 37. Bxf1 e4 38. Bg2 Be5+ 39. Kh1 Rg8 40. Qa2 f5 41. Ne7 Qg3 42. Kg1 Bd4+ 43. Kf1 Qd3+ 44. Ke1 Bc3+ 45. Kf2 e3+ 46. Kf3 Qe4+ 0-1


[Site "https://www.chess.com"]